Construct Section Command Post
Construct Platoon Command Post
Selects Air and Sea Battlegroup
Construct Field Infirmary
Selects Commando Section Paradrop
Selects M1 Pack Howitzer Paradrop
M1 Pack Howitzer Paradrop
Construct Company Command Post
Construct Field Infirmary
6-pounder Anti-tank Gun Team
Unlock Bishop Self-propelled Artillery
Bishop Self-propelled Artillery
Selects Anti-tank Rocket Loiter
Unlock M3 Grant Medium Tanks